 Dungeon Crawl Stone Soup version 0.30.1-9-gdf580d7c3d (webtiles) character file.

Game seed: 6365447192537543768

3004022 SuperSeabass the Hand of Fortune (level 27, 151/156 HPs)
             Began as a Vine Stalker Hedge Wizard on Oct 15, 2023.
             Was the Champion of Nemelex Xobeh.
             Escaped with the Orb
             ... and 5 runes on Oct 17, 2023!
             The game lasted 08:08:56 (75266 turns).

SuperSeabass the Hand of Fortune (VSHW)            Turns: 75266, Time: 08:08:56

Health: 151/156    AC: 26    Str: 21    XL:     27
Magic:  36/36      EV: 17    Int: 17    God:    Nemelex Xobeh [******]
Gold:   5504       SH: 18    Dex: 15    Spells: 18/50 levels left

rFire   + + +        a - +8 rapier of Destruction {spect, rN+ rCorr}
rCold   + . .        G - +5 kite shield {rC+}
rNeg    + + +        D - +4 ring mail of Pon Ulown {rElec rN+ Slay+6}
rPois   +            T - +2 helmet {Int+3}
rElec   +            g - +2 cloak
rCorr   +            c - +2 pair of gloves {hurl}
SInv    +            v - +0 pair of boots of the Kettle-Drum {rC+ Will+}
Will    +++++        n - amulet of faith
Stlth   ++           P - ring of the Serpent {rPois rF+++ Will++ AC+4 Dex-4}
HPRegen 1.26/turn    V - ring of Tonot {Fire rN+ Str+3 Slay+6 SInv}
MPRegen 0.25/turn

%: guardian spirit, faith
@: studying Transmutations
A: fangs 3, regeneration 1, magic shield, antimagic bite, no potion heal 2,
hooves 1, deterioration 1, dopey 2, low MP 1
0: Orb of Zot
}: 5/15 runes: serpentine, barnacled, slimy, silver, abyssal
a: Renounce Religion, Draw Escape, Draw Destruction, Draw Summoning, Draw Stack,
Triple Draw, Deal Four, Stack Five


You escaped.
You worshipped Nemelex Xobeh.
Nemelex Xobeh was exalted by your worship.
You visited 13 branches of the dungeon, and saw 57 of its levels.
You visited the Abyss 1 time.
You also visited: Bailey, Gauntlet and Ice Cave.

You collected 8815 gold pieces.
You spent 3311 gold pieces at shops.

Inventory:

Hand Weapons
 a - the +8 rapier of Destruction (weapon) {spect, rN+ rCorr}
   (You found it on level 4 of the Lair of Beasts)

   rN:        It protects you from negative energy.
   rCorr:     It protects you from acid and corrosion.
 b - the +3 Elemental Staff {rElec rF+ rC+ AC+3}
   (You acquired it on level 4 of the Lair of Beasts)

   It enhances your fire, ice, earth and air magic.
   AC:        It affects your AC (+3).
   rF:        It protects you from fire.
   rC:        It protects you from cold.
   rElec:     It insulates you from electricity.
Missiles
 p - 3 throwing nets
 B - 45 boomerangs (quivered)
 J - 16 silver javelins
 K - 20 javelins
 U - 3 curare-tipped darts
Armour
 c - a +2 pair of gloves of hurling (worn)
 g - a +2 cloak (worn)
 v - the +0 pair of boots of the Kettle-Drum (worn) {rC+ Will+}
   (You found it on level 2 of the Elven Halls)

   rC:        It protects you from cold.
   Will:      It increases your willpower.
 D - the +4 ring mail of Pon Ulown (worn) {rElec rN+ Slay+6}
   (You found it on level 4 of the Lair of Beasts)

   Slay:      It affects your accuracy & damage with ranged weapons and melee
   (+6).
   rElec:     It insulates you from electricity.
   rN:        It protects you from negative energy.
 G - a +5 kite shield of cold resistance (worn)
 T - a +2 helmet of intelligence (worn)
Jewellery
 n - an amulet of faith (around neck)
 C - a ring of protection from cold
 E - a +5 ring of evasion
 F - the ring "Jizeblon" {+Blink Fly rF+ Int-2}
   (You took it off a vault guard on level 5 of the Vaults)

   [ring of protection from fire]

   Int:       It affects your intelligence (-2).
   rF:        It protects you from fire.
   Fly:       It grants you flight.
   +Blink:    It lets you blink.
 H - a ring of protection from fire
 P - the ring of the Serpent (left hand) {rPois rF+++ Will++ AC+4 Dex-4}
   (You found it on level 3 of the Crypt)

   [ring of protection]

   AC:        It affects your AC (+4).
   Dex:       It affects your dexterity (-4).
   rF:        It renders you almost immune to fire.
   rPois:     It protects you from poison.
   Will:      It greatly increases your willpower.
 V - the ring of Tonot (right hand) {Fire rN+ Str+3 Slay+6 SInv}
   (You bought it in a shop on level 5 of the Vaults)

   [ring of fire]

   It enhances your fire magic.
   Str:       It affects your strength (+3).
   Slay:      It affects your accuracy & damage with ranged weapons and melee
   (+6).
   rF:        It protects you from fire.
   rC:        It makes you vulnerable to cold.
   rN:        It protects you from negative energy.
   SInv:      It lets you see invisible.
 W - a ring of willpower
 Z - a ring of wizardry
Wands
 d - a wand of digging (39)
 i - a wand of roots (30)
 r - a wand of quicksilver (21)
 z - a wand of paralysis (69)
Scrolls
 f - 4 scrolls of butterflies
 h - 8 scrolls of fog
 k - 29 scrolls of teleportation
 l - 8 scrolls of fear
 u - 11 scrolls of vulnerability
 A - 2 scrolls of enchant weapon
 I - 10 scrolls of poison
 L - 2 scrolls of enchant armour
 M - 2 scrolls of magic mapping
 N - 2 scrolls of blinking
 R - a scroll of silence
 S - 5 scrolls of immolation
Potions
 e - 4 potions of resistance
 j - 5 potions of brilliance
 m - 3 potions of haste
 o - 8 potions of invisibility
 q - 11 potions of attraction
 t - 9 potions of berserk rage
 w - 3 potions of might
 x - 19 potions of curing
 y - 12 potions of mutation
 O - 6 potions of lignification
 X - 4 potions of magic
 Y - 3 potions of cancellation
Miscellaneous
 s - a phantom mirror
 Q - a phial of floods


   Skills:
 + Level 19.6 Fighting
 - Level 14.0 Short Blades
 * Level 11.8 Throwing
 - Level 8.0 Armour
 + Level 14.2 Dodging
 - Level 15.0 Stealth
 - Level 15.0 Shields
 - Level 12.0 Spellcasting
 - Level 11.4 Conjurations
 - Level 1.0 Summonings
 - Level 8.6 Translocations
 + Level 9.4 Transmutations
 + Level 12.5 Ice Magic
 - Level 11.5 Air Magic
 - Level 6.0 Earth Magic
 - Level 6.0 Poison Magic
 + Level 21.2 Invocations


You had 18 spell levels left.
You knew the following spells:

 Your Spells              Type           Power      Damage    Failure   Level
a - Ozocubu's Armour      Ice            52%        N/A       1%          3
b - Iskenderun's Mystic   Conj/Tloc      44%        2d10      2%          4
c - Mephitic Cloud        Conj/Pois/Air  43%        N/A       1%          3
d - Magic Dart            Conj           100%       1d8       1%          1
f - Freezing Cloud        Conj/Ice/Air   25%        6-21      3%          5
i - Call Imp              Summ           26%        N/A       16%         2
l - Lesser Beckoning      Tloc           78%        N/A       1%          2
z - Apportation           Tloc           78%        N/A       1%          1
B - Blink                 Tloc           78%        N/A       1%          2
G - Passage of Golubria   Tloc           39%        N/A       4%          4
P - Passwall              Tmut/Erth      30%        N/A       1%          2
R - Swiftness             Air            49%        N/A       1%          3

Your spell library contained the following spells:

 Spells                   Type           Power      Damage    Failure   Level
 Beastly Appendage        Tmut           84%        N/A       1%          1
 Foxfire                  Conj/Fire      100%       2x1d9     1%          1
 Kiss of Death            Conj/Necr      100%       2d13      1%          1
 Sandblast                Erth           60%        2d14      1%          1
 Shock                    Conj/Air       100%       1d9       1%          1
 Sting                    Tmut/Pois      100%       1d8       1%          1
 Ensorcelled Hibernation  Hex/Ice        62%        N/A       1%          2
 Momentum Strike          Conj/Tloc      88%        3d10      1%          2
 Poisonous Vapours        Pois/Air       78%        N/A       1%          2
 Wereblood                Tmut           42%        N/A       1%          2
 Gell's Gravitas          Tloc           39%        N/A       1%          3
 Hailstorm                Conj/Ice       50%        3d11      1%          3
 Spider Form              Tmut/Pois      36%        N/A       1%          3
 Stone Arrow              Conj/Erth      78%        3d11      1%          3
 Teleport Other           Tloc           39%        N/A       1%          3
 Vhi's Electric Charge    Tloc/Air       88%        N/A       1%          3
 Ice Form                 Ice/Tmut       47%        N/A       1%          4
 Cigotuvi's Dreadful Rot  Necr/Pois/Air  60%        N/A       2%          2
 Dazzling Flash           Conj/Hex       58%        N/A       4%          3
 Manifold Assault         Tloc           39%        N/A       4%          4
 Arcjolt                  Conj/Air       24%        1d34      4%          5
 Iskenderun's Battlesphe  Conj           49%        2d10      4%          5
 Ignite Poison            Fire/Tmut/Pois 41%        N/A       6%          3
 Petrify                  Tmut/Erth      36%        N/A       7%          4
 Portal Projectile        Hex/Tloc       48%        N/A       9%          3
 Volatile Blastmotes      Fire/Tloc      74%        2d16      9%          3
 Summon Ice Beast         Ice/Summ       33%        N/A       10%         4
 Blade Hands              Tmut           21%        N/A       10%         5
 Summon Small Mammal      Summ           52%        N/A       11%         1
 Summon Lightning Spire   Summ/Air       31%        N/A       12%         4
 Olgreb's Toxic Radiance  Pois           30%        N/A       14%         4
 Necrotise                Necr           40%        1d6       16%         1
 Slow                     Hex            40%        N/A       16%         1
 Flame Wave               Conj/Fire      44%        2d11      16%         4
 Fulminant Prism          Conj/Hex       14%        3d8       16%         4
 Sticky Flame             Conj/Fire      44%        2d6       16%         4
 Alistair's Intoxication  Tmut/Pois      24%        N/A       19%         5
 Conjure Ball Lightning   Conj/Air       24%        3x3d7     22%         6
 Scorch                   Fire           30%        2d6       24%         2
 Call Canine Familiar     Summ           13%        N/A       30%         3
 Metabolic Englaciation   Hex/Ice        15%        N/A       34%         5
 Summon Guardian Golem    Hex/Summ       12%        N/A       36%         3
 Lee's Rapid Deconstruct  Erth           15%        3d10*     36%         5
 Silence                  Hex/Air        14%        N/A       38%         5
 Fireball                 Conj/Fire      22%        3d10      41%         5
 Confusing Touch          Hex            10%        N/A       43%         3
 Inner Flame              Hex/Fire       15%        N/A       43%         3
 Tukima's Dance           Hex            10%        N/A       43%         3
 Vampiric Draining        Necr           10%        2d6       43%         3
 Summon Forest            Summ/Tloc      13%        N/A       52%         5
 Dispersal                Tloc           19%        N/A       58%         6
 Ozocubu's Refrigeration  Ice            26%        4d13      63%         7
 Eringya's Noxious Bog    Tmut/Pois      18%        N/A       71%         6
 Statue Form              Tmut/Erth      24%        N/A       71%         6
 Orb of Destruction       Conj           24%        9d9       77%         7
 Borgnjor's Vile Clutch   Necr/Erth      10%        N/A       78%         5
 Anguish                  Hex/Necr       5%         N/A       85%         4
 Animate Dead             Necr           10%        N/A       85%         4
 Dispel Undead            Necr           10%        3d9       85%         4
 Simulacrum               Ice/Necr       15%        N/A       88%         6
 Storm Form               Tmut/Air       22%        N/A       88%         7
 Plasma Beam              Fire/Air       22%        2x1d37    93%         6
 Starburst                Conj/Fire      22%        6d7       94%         6
 Summon Mana Viper        Hex/Summ       12%        N/A       98%         5
 Agony                    Necr           10%        N/A       99%         5
 Death Channel            Necr           5%         N/A       100%        6
 Summon Cactus Giant      Summ           6%         N/A       100%        6
 Haunt                    Necr/Summ      6%         N/A       100%        7
 Monstrous Menagerie      Summ           6%         N/A       100%        7
 Spellforged Servitor     Conj/Summ      15%        N/A       100%        7
 Summon Hydra             Summ           6%         N/A       100%        7
 Borgnjor's Revivificati  Necr           5%         N/A       100%        8
 Disjunction              Tloc           19%        N/A       100%        8
 Infestation              Necr           5%         N/A       100%        8
 Lehudib's Crystal Spear  Conj/Erth      19%        10d6      100%        8
 Maxwell's Capacitive Co  Air            24%        ∞         100%        8
 Necromutation            Tmut/Necr      13%        N/A       100%        8
 Death's Door             Necr           5%         N/A       100%        9
 Polar Vortex             Ice            26%        N/A       100%        9


Dungeon Overview and Level Annotations

Branches:
Dungeon (15/15)            Temple (1/1) D:5            Lair (5/5) D:8
 Shoals (4/4) Lair:2        Snake (4/4) Lair:3        Slime (5/5) Lair:5
    Orc (2/2) D:9             Elf (3/3) Orc:2        Vaults (5/5) D:13
  Crypt (3/3) Vaults:2       Tomb (0/3) Crypt:3      Depths (4/4) D:15
   Hell (visited)             Zot (5/5) Depths:4     Bailey (visited)
  IceCv (visited)         Gauntlet (visited)
    Dis: Hell:1         Geh: Hell:1         Coc: Hell:1         Tar: Hell:1

Altars:
Ashenzari
Cheibriados
Dithmenos
Elyvilon
Fedhas
Gozag
Hepliaklqana
Kikubaaqudgha
Makhleb
Nemelex Xobeh
Okawaru
Qazlal
Ru
Sif Muna
Trog
Uskayaw
Vehumet
Wu Jian
Xom
Yredelemnul
Zin
The Shining One

Shops:
D:2 *   D:4 [   D:5 [   D:8 *   Orc:2 ![(*   Elf:1 (   Elf:2 :[   Elf:3 [
Shoals:3 **   Shoals:4 [   Snake:4 *   Vaults:1 [   Vaults:5 =   Depths:1 ::=**
Depths:4 *

Portals:
Hell: Depths:1 Depths:2 Depths:3 Depths:4
Abyss: Depths:3
Pandemonium: Depths:2
Ziggurat: Depths:3

Annotations:
Shoals:2 2 transporters, no good items, Ironcache's ghost, adept MiBe
Slime:2 exclusion: 2 shining eyes
Elf:2 3 runed translucent doors, exclusion: 3 doors
Hell Geryon
Zot:1 2 exclusions
Zot:2 2 transporters, Tiamat
Zot:5 36 runed doors, exclusions: 36 doors and 1 more exclusion


Innate Abilities, Weirdness & Mutations

You have razor-sharp teeth.
Your natural rate of healing is unusually fast.
When hurt, damage is shared between your health and your magic reserves.
Your bite disrupts and absorbs the magic of your enemies.
Potions cannot restore your health.
You have large cloven feet.
Your body sometimes deteriorates upon taking damage.
You are very dopey. (Int -4)
Your magical capacity is low. (-10% MP)


Message History

Where to? (Enter - D:1 @ (x,y), ? - help) HP restored.
Magic restored.
There is a stone staircase leading up here.
You climb upwards.
There is a stone staircase leading down here.
There is a stone staircase leading up here.
You climb upwards.
There is a stone staircase leading down here.
You hear a grinding noise.
A hell beast comes into view.
You hear a grinding noise.
Unknown command.
A cacodemon comes into view.
The hell beast misses you. You block the hell beast's attack. x2
The hell beast misses you.
The hell beast attacks as you move away!
The hell beast bites you but does no damage.
You block the hell beast's attack. x2; The hell beast misses you.
You hear a grinding noise.
You barely miss the hell beast. You bite the hell beast!! You drain its power.
The hell beast is moderately wounded.
Your +8 rapier of Destruction {spect, rN+ rCorr} hits the hell beast!
The hell beast bites you! You block the hell beast's attack.
You puncture the hell beast! Your bite misses the hell beast.
The hell beast is heavily wounded.
Your +8 rapier of Destruction {spect, rN+ rCorr} hits the hell beast.
The hell beast barely misses you. You block the hell beast's attack.
You hit the hell beast. You bite the hell beast!! You drain its power.
You feel invigorated.
The hell beast is almost dead.
Your +8 rapier of Destruction {spect, rN+ rCorr} hits the hell beast!
You kill the hell beast!
A sixfirhy comes into view.
Your +8 rapier of Destruction {spect, rN+ rCorr} disappears.
The cacodemon gestures at you. You resist with almost no effort.
There is a staircase leading out of the dungeon here.
The cacodemon gestures at the rock wall.
You hear a grinding noise.
You have escaped!

............##.........## ##.
.......#######....)..### ##..
.#.##### #.......### #... .#.#
#....#### ###... .#.# #.####
########....# .#.###### #...###
##....#...#### .#......#
#.....###..##..####
.#......####............###
##.........###..@.###.....#####
.#..######..##.....#####....#.###
.#..# ####..###.#.#.# ###.....#.
.#..# #.....###.##.#######.....#.
.#..# #.###....2...............#.
.#..# #.....###..#......######.##
.#..###..........#...............
##.....#.#####.#.#......######.#.
##......# #..#.................


You could see a cacodemon.

Vanquished Creatures
  the Royal Jelly (Slime:5)
  Dissolution (Slime:4)
  6 dread liches (Zot:5)
  3 orbs of fire (Zot:5)
  Khufu (Crypt:2)
  4 ancient liches
  3 royal mummies
  Boris (Crypt:2)
  Parghit (Zot:3)
  4 Killer Klowns
  Bai Suzhen (Vaults:2)
  Xtahua (Abyss:3)
  4 caustic shrikes
  2 curse toes
  6 golden dragons
  Nikola (Depths:2)
  2 bone dragons (Depths:4)
  3 doom hounds
  5 electric golems
  A Brimstone Fiend (D:3)
  A hellephant (Abyss:2)
  A Hell Sentinel (Abyss:2)
  26 Orb Guardians
  Zenata (Vaults:4)
  14 tentacled monstrosities
  13 liches
  2 titans (Vaults:5)
  The ghost of bearlyready the Brawler, an adept TrHu of Cheibriados (Snake:4)
  3 quicksilver dragons
  A deep elf blademaster (Elf:3)
  Grunn (Zot:2)
  16 acid blobs
  9 death cobs
  9 ancient champions
  14 storm dragons
  4 tentacled starspawn
  The ghost of wjtupper the Warrior, an adept MiHu of Okawaru (Snake:4)
  Agnes (Elf:1)
  Roxanne (Elf:3)
  3 sphinxes
  Ilsuiw (Shoals:4)
  The ghost of Lyckin the Peltast, an adept DjFi of the Shining One (Depths:1)
  8 azure jellies
  6 draconian monks
  9 fire giants
  9 shadow dragons
  5 revenants
  9 tengu reavers
  3 nagarajas (Snake:4)
  2 balrugs
  10 frost giants
  4 draconian knights
  8 rockslimes
  5 draconian shifters
  2 ghost moths
  9 deep elf sorcerers
  15 vault wardens
  A caustic shrike zombie (Crypt:3)
  8 ghouls
  2 angels
  4 iron dragons
  3 deep elf elementalists (Elf:3)
  2 draconian stormcallers
  2 orc warlords
  4 draconian annihilators
  13 stone giants
  2 war gargoyles
  20 ironbound preservers
  14 quicksilver oozes
  A juggernaut skeleton (Crypt:3)
  28 very ugly things
  11 ironbound thunderhulks
  A lorocyproca (Abyss:3)
  6 deep elf demonologists
  The ghost of grtsk the Warrior, a journeyman MfGl of Qazlal (Lair:4)
  3 reapers
  5 deep elf annihilators
  7 vampire knights
  6 black draconians
  A minotaur (Snake:4)
  10 green draconians
  Nessos (D:15)
  5 red draconians
  5 white draconians
  9 yellow draconians
  A bunyip (Abyss:1)
  5 starcursed masses
  8 spark wasps
  13 purple draconians
  8 dire elephants
  10 deep elf death magi
  3 blizzard demons
  2 crystal guardians
  4 merfolk javelineers (Shoals:4)
  3 eidola
  A green death (Gauntlet)
  17 jiangshi
  5 ettins
  4 merfolk impalers
  3 deep elf high priests
  7 fire dragons
  3 entropy weavers (Vaults:3)
  2 quicksilver dragon zombies (Crypt:3)
  21 vault guards
  18 yaktaur captains
  2 mummy priests (Crypt:3)
  18 great orbs of eyes
  A spriggan zombie (Crypt:3)
  6 hydras
  2 rakshasas
  9 ice dragons
  A caustic shrike simulacrum (Crypt:3)
  3 peacekeepers
  2 merfolk avatars
  2 salamander tyrants
  7 death knights
  4 hell beasts
  11 anacondas
  11 centaur warriors
  4 ogre magi
  4 ironbound frosthearts
  3 alligator snapping turtles
  A spriggan skeleton (Depths:1)
  3 spriggan air magi (Depths:2)
  A radroach (Shoals:4)
  An anaconda (shapeshifter) (D:15)
  A merfolk aquamancer (Shoals:4)
  8 two-headed ogres
  2 death scarabs (Gauntlet)
  16 dancing weapons
  2 death yaks
  10 naga warriors
  3 boulder beetles
  A satyr (Shoals:3)
  5 deep troll shamans
  5 orc high priests (Orc:2)
  6 tengu warriors
  14 deep troll earth magi
  5 spriggan berserkers
  14 sun demons
  11 vampire magi
  12 thrashing horrors
  5 hell hogs
  6 deep elf knights
  9 naga sharpshooters
  A spriggan (Depths:4)
  Nergalle (Orc:1)
  4 soul eaters
  An emperor scorpion zombie (Crypt:2)
  5 wretched stars (Abyss:3)
  12 hell knights
  6 shock serpents
  8 large abominations
  6 shadow wraiths (Crypt:3)
  2 salamander mystics (Snake:2)
  A skyshark (Shoals:3)
  A storm dragon skeleton (Crypt:3)
  14 skeletal warriors
  A bunyip zombie (Crypt:2)
  A fire crab (Lair:4)
  2 glowing orange brains (Depths:2)
  7 iron trolls
  A spark wasp zombie (Crypt:2)
  9 flayed ghosts
  4 sixfirhies
  18 sea snakes
  A swamp dragon (Lair:5)
  A ghost moth zombie (Crypt:3)
  2 death drakes
  3 bog bodies (Crypt:1)
  72 deep trolls
  3 naga ritualists
  11 ironbound convokers
  A steelbarb worm (Elf:3)
  9 phantasmal warriors
  14 deep elf pyromancers
  6 deep elf archers
  10 lindwurms
  20 orc knights
  An obsidian statue (Depths:1)
  7 wizards
  20 deep elf zephyrmancers
  16 harpies
  11 necromancers
  20 ugly things
  A spectral hydra (Gauntlet)
  An oklob plant (Shoals:2)
  13 fauns
  6 mana vipers
  2 wolf spiders
  3 orc sorcerers
  8 manticores
  2 shining eyes
  A will-o-the-wisp (Abyss:3)
  A sphinx skeleton (Depths:1)
  A jorogumo skeleton (Crypt:2)
  2 stone giant zombies
  22 salamanders
  A frost giant skeleton (Depths:1)
  2 worldbinders (Abyss:1)
  3 ice statues (IceCv)
  7 merfolk sirens
  A stone giant skeleton (Vaults:2)
  3 rust devils
  8 guardian serpents
  21 moths of wrath
  7 cyclopes
  4 elephants
  16 naga magi
  An eleionoma skeleton (Crypt:1)
  A moth of wrath (shapeshifter) (Depths:3)
  40 black mambas
  Maurice (D:10)
  13 vault sentinels
  A dire elephant zombie (Crypt:2)
  5 smoke demons
  An orange demon (Depths:1)
  3 eyes of devastation
  An unseen horror (shapeshifter) (Abyss:3)
  2 water nymphs
  A hellion (Abyss:2)
  11 cane toads
  A swamp worm zombie (Crypt:1)
  A grey draconian zombie (Crypt:1)
  A purple draconian zombie (Crypt:1)
  15 yaktaurs
  Maggie (D:6)
  An anaconda simulacrum (IceCv)
  A sea snake zombie (Crypt:1)
  7 rime drakes
  7 freezing wraiths
  A green draconian skeleton (Crypt:2)
  3 human zombies
  A white draconian skeleton (Crypt:3)
  2 ice devils
  6 tengu conjurers
  7 komodo dragons
  2 queen bees (Lair:4)
  A red devil (Depths:2)
  A tormentor (Depths:2)
  7 trolls
  A pale draconian skeleton (Crypt:2)
  2 ancient zymes
  22 merfolk
  A polar bear (shapeshifter) (Elf:2)
  A harpy zombie (Crypt:2)
  A hydra zombie (Crypt:2)
  4 meliai (Lair:4)
  4 guardian mummies
  A harpy skeleton (Crypt:3)
  A meliai (shapeshifter) (D:15)
  6 wind drakes
  Prince Ribbit (D:6)
  4 polar bears
  8 hornets
  11 blink frogs
  A sphinx simulacrum (Depths:1)
  An ettin zombie (Vaults:2)
  12 snapping turtles
  5 raiju (Abyss:3)
  9 dream sheep
  A snapping turtle (shapeshifter) (Vaults:5)
  6 flying skulls
  A spectral dream sheep (Gauntlet)
  A black mamba zombie (Abyss:2)
  72 slime creatures
  2 air elementals
  2 shadows
  8 water elementals
  30 yaks
  2 vampires
  4 ynoxinuls
  A stone giant simulacrum (Vaults:2)
  A tyrant leech zombie (Crypt:1)
  2 fire bats (Abyss:3)
  18 humans (D:13)
  An ushabti (Crypt:3)
  A fire elemental (Elf:2)
  2 death yak simulacra (IceCv)
  11 wraiths
  2 steam dragons
  6 redbacks
  14 wyverns
  17 chaos spawn
  Edmund (D:6)
  6 basilisks
  Menkaure (D:7)
  An elf skeleton (Vaults:2)
  22 water moccasins
  43 nagas
  A hydra simulacrum (IceCv)
  3 acid dragons
  2 swamp drakes
  A merfolk skeleton (Crypt:3)
  3 black bears
  49 orc warriors
  A demonspawn skeleton (Crypt:3)
  A swamp drake (shapeshifter) (Vaults:5)
  A spectral torpor snail (Gauntlet)
  5 wolves
  A lindwurm zombie (Crypt:2)
  12 ogres
  An elephant skeleton (Crypt:3)
  A centaur (Snake:4)
  15 bullfrogs
  4 kobold brigands
  Blork the orc (D:5)
  3 earth elementals
  A necrophage (Crypt:3)
  4 scorpions
  4 small abominations
  2 human skeletons (Vaults:2)
  A wyvern zombie (Crypt:3)
  A cane toad simulacrum (IceCv)
  7 wights
  3 human simulacra (Vaults:2)
  2 oklob saplings (D:9)
  33 killer bees
  An elephant simulacrum (IceCv)
  2 electric eels (Lair:2)
  3 howler monkeys
  4 hounds
  A jelly (Orc:1)
  2 gnoll boudas
  A quasit (Abyss:2)
  36 orc priests
  2 iron imps (Abyss:2)
  6 iguanas
  A sleepcap (D:7)
  21 orc wizards
  A lightning spire (Zot:3)
  A hell rat (Depths:3)
  A polar bear simulacrum (IceCv)
  A wolf simulacrum (IceCv)
  A boggart skeleton (Crypt:2)
  A sky beast zombie (Crypt:1)
  An ogre skeleton (Crypt:1)
  A mummy (Crypt:2)
  8 gnolls
  A steam dragon zombie (Crypt:3)
  11 adders
  2 shadow imps
  2 white imps (Abyss:2)
  An ufetubus (D:5)
  A worm (D:3)
  A dart slug (D:2)
  99 orcs
  8 bats
  7 endoplasms
  A giant cockroach (D:1)
  11 goblins
  5 hobgoblins
  7 jackals
  12 kobolds
  A quokka (D:5)
  11 ball pythons
  2 frilled lizards
  A hobgoblin zombie (Crypt:3)
  3 rats (D:2)
  A rat skeleton (Crypt:2)
  2 lurking horrors
  4 spectral weapons
  A starspawn tentacle (Abyss:2)
2268 creatures vanquished.

Vanquished Creatures (collateral kills)
  A titan (Vaults:5)
  A deep elf blademaster (Elf:3)
  3 deep elf master archers (Elf:3)
  The ghost of ChiefBigBeans the Tortoise, an adept DsFi of Cheibriados (Snake:4)
  A nagaraja (Snake:4)
  A deep elf sorcerer (Elf:3)
  A vault warden (Vaults:5)
  2 draconian scorchers (Zot:1)
  2 deep elf elementalists (Elf:3)
  An ironbound preserver (Vaults:5)
  A green draconian (Zot:1)
  A draconian annihilator (Zot:1)
  A black draconian (Zot:1)
  A deep elf demonologist (Elf:3)
  A deep elf annihilator (Elf:3)
  A minotaur (Gauntlet)
  A purple draconian (Zot:1)
  2 ettins (Vaults:5)
  A merfolk impaler (Shoals:2)
  A deep elf high priest (Elf:3)
  A yaktaur captain (Vaults:5)
  13 vault guards
  A catoblepas (Lair:5)
  A merfolk aquamancer (Shoals:4)
  2 hydras
  A deep elf knight (Elf:3)
  A deep troll (Vaults:5)
  A harpy (Vaults:5)
  Pikel (D:5)
  An orc knight (Bailey)
  2 deep elf zephyrmancers
  A guardian serpent (Lair:4)
  3 merfolk sirens
  2 elephants (Lair:5)
  A smoke demon (Depths:1)
  A water nymph (Shoals:2)
  3 black mambas
  4 cane toads
  2 komodo dragons (Lair:5)
  A freezing wraith (Vaults:5)
  A merfolk (Shoals:2)
  A wind drake (Shoals:2)
  4 blink frogs (Lair:5)
  Sigmund (D:5)
  A wyvern (Lair:5)
  7 yaks
  2 basilisks (D:8)
  A redback (Lair:5)
  A steam dragon (Lair:5)
  6 water moccasins (Lair:5)
  An orc warrior (Orc:2)
  A swamp drake (Lair:5)
  A killer bee (D:10)
  An orc (Orc:2)
97 creatures vanquished.

Vanquished Creatures (others)
  A lich (Abyss:3)
  A draconian shifter (Zot:4)
  A deep elf knight (Elf:3)
  A wizard (Vaults:3)
  An orc priest (Orc:2)
  An orc wizard (D:5)
  An orc (D:7)
  8 foxfires (Abyss:3)
  70 spectral weapons
  9 starspawn tentacles
94 creatures vanquished.

Grand Total: 2459 creatures vanquished

Notes
Turn   | Place    | Note
-------+----------+-------------------------------------------
     0 | D:1      | SuperSeabass the Vine Stalker Hedge Wizard began the quest
                  | for the Orb.
     0 | D:1      | Reached XP level 1. HP: 9/9 MP: 5/5
   143 | D:1      | Reached XP level 2. HP: 12/14 MP: 7/7
   201 | D:1      | Reached skill level 1 in Short Blades
   937 | D:2      | Found Tiopiv's Assorted Antiques.
   962 | D:2      | Bought a scroll labelled LIRAIQUMEI for 31 gold pieces
  1010 | D:2      | Bought a scroll labelled MEOP YCWAARAERHUSY for 31 gold
                  | pieces
  1010 | D:2      | Bought a scroll labelled MULUJOEPLU for 31 gold pieces
  1233 | D:2      | Reached XP level 3. HP: 16/17 MP: 6/8
  1260 | D:1      | Learned a level 2 spell: Blink
  1263 | D:1      | Learned a level 2 spell: Call Imp
  1279 | D:2      | Reached skill level 1 in Fighting
  2199 | D:2      | Gained mutation: Your natural rate of healing is unusually
                  | fast. [Vine Stalker growth]
  2199 | D:2      | Reached XP level 4. HP: 12/22 MP: 5/9
  2344 | D:3      | Found a faded altar of an unknown god.
  3198 | D:3      | Reached XP level 5. HP: 26/26 MP: 5/10
  3361 | D:3      | Found a sacrificial altar of Ru.
  3687 | D:4      | Found a white marble altar of Elyvilon.
  3689 | D:4      | Found a sparkling altar of Nemelex Xobeh.
  3689 | D:4      | Found a bloodstained altar of Trog.
  3707 | D:4      | Became a worshipper of Nemelex Xobeh the Trickster
  4097 | D:4      | Found Ucaige's Antique Armour Boutique.
  4512 | D:5      | Entered Level 5 of the Dungeon
  4626 | D:5      | Noticed a black bear
  4738 | D:2      | Bought a runed dagger for 155 gold pieces
  4862 | D:5      | Reached skill level 1 in Invocations
  4897 | D:5      | Reached * piety under Nemelex Xobeh
  4906 | D:5      | Reached XP level 6. HP: 28/30 MP: 9/11
  4933 | D:5      | Noticed Pikel
  5234 | D:5      | Noticed Blork the orc
  5256 | D:5      | Killed Blork the orc
  5292 | D:5      | Received a gift from Nemelex Xobeh
  5334 | D:5      | Reached skill level 5 in Stealth
  5334 | D:5      | Reached skill level 2 in Invocations
  5334 | D:5      | Reached XP level 7. HP: 35/35 MP: 5/12
  5441 | D:5      | Found a staircase to the Ecumenical Temple.
  5456 | Temple   | Entered the Ecumenical Temple
  5682 | D:5      | Noticed Sigmund
  5818 | D:6      | Reached skill level 5 in Short Blades
  5818 | D:6      | Gained mutation: You have razor-sharp teeth. [Vine Stalker
                  | growth]
  5818 | D:6      | Reached XP level 8. HP: 39/40 MP: 10/13
  5857 | D:6      | Noticed Maggie
  5898 | D:6      | Reached skill level 3 in Invocations
  6092 | D:6      | Noticed Prince Ribbit
  6117 | D:6      | Noticed Edmund
  6431 | D:6      | Killed Prince Ribbit
  6432 | D:6      | Reached skill level 4 in Invocations
  6536 | D:7      | Noticed Menkaure
  6541 | D:7      | Killed Menkaure
  6542 | D:7      | Reached XP level 9. HP: 46/46 MP: 14/14
  6563 | D:7      | Reached ** piety under Nemelex Xobeh
  7666 | D:8      | Found Ruheogog's Demolitions Depot.
  7706 | D:8      | Received a gift from Nemelex Xobeh
  7727 | D:8      | Reached skill level 5 in Fighting
  7756 | D:8      | Reached skill level 5 in Invocations
  8066 | D:8      | Identified the +0 quarterstaff of Contumacious Offence
                  | {freeze, Int+2 Dex+4}
  8074 | D:8      | Reached XP level 10. HP: 51/51 MP: 16/16
  8142 | D:8      | Found a staircase to the Lair.
  8287 | D:8      | Found a snail-covered altar of Cheibriados.
  8399 | D:8      | Found a shimmering altar of Xom.
  8692 | D:5      | Killed Pikel
  8693 | D:5      | Reached skill level 6 in Invocations
  8708 | D:5      | Killed Sigmund
  8741 | D:5      | Found a broken altar of Ashenzari.
  8834 | D:5      | Learned a level 3 spell: Mephitic Cloud
  9110 | D:5      | Reached *** piety under Nemelex Xobeh
  9189 | D:5      | Found Gezy's Armour Boutique.
  9193 | D:5      | Bought a +2 helmet of intelligence for 236 gold pieces
  9584 | D:9      | Reached skill level 1 in Air Magic
  9669 | D:9      | Reached skill level 1 in Poison Magic
  9728 | D:9      | Found a staircase to the Orcish Mines.
 10324 | D:10     | Entered Level 10 of the Dungeon
 10324 | D:10     | Found a flagged portal.
 10362 | Bailey   | Entered a bailey
 10586 | Bailey   | Found a large runed translucent door.
 10586 | Bailey   | Found a large runed translucent door.
 10587 | Bailey   | Noticed a deep elf zephyrmancer
 10600 | Bailey   | Received a gift from Nemelex Xobeh
 10621 | Bailey   | Noticed an orc knight
 10640 | Bailey   | Killed an orc knight
 10641 | Bailey   | Reached XP level 11. HP: 57/57 MP: 18/18
 10654 | Bailey   | Killed a deep elf zephyrmancer
 10684 | Bailey   | Identified the +4 broad axe "Jefrafys" {holy, *Corrode
                  | rC++}
 10882 | D:10     | Noticed Maurice
 10890 | D:10     | Killed Maurice
 11073 | D:10     | Reached skill level 5 in Spellcasting
 11177 | D:10     | Reached **** piety under Nemelex Xobeh
 11783 | D:11     | Noticed a purple ugly thing
 11855 | D:11     | Noticed a two-headed ogre
 11913 | Lair:1   | Entered Level 1 of the Lair of Beasts
 11920 | Lair:1   | Reached skill level 7 in Invocations
 11928 | Lair:1   | Received a gift from Nemelex Xobeh
 12132 | Lair:1   | Reached skill level 10 in Short Blades
 12132 | Lair:1   | Reached skill level 5 in Conjurations
 12314 | Lair:1   | Identified 2 scrolls of acquirement
 12314 | Lair:1   | Acquired the Disquisition on Limned Resurrection
 12316 | Lair:1   | Acquired 976 gold pieces
 12455 | D:5      | Bought the +1 robe of Vyubrena {rPois rCorr SInv} for 293
                  | gold pieces
 12741 | Lair:1   | Reached skill level 1 in Shields
 12997 | Lair:1   | Received a gift from Nemelex Xobeh
 13187 | Lair:2   | Reached ***** piety under Nemelex Xobeh
 13226 | Lair:2   | Reached XP level 12. HP: 63/63 MP: 17/21
 13325 | Lair:2   | Identified the +1 helmet of Divine Compulsion {Will+}
 13344 | Lair:2   | Received a gift from Nemelex Xobeh
 13366 | Lair:2   | Found a staircase to the Shoals.
 13621 | Lair:2   | Identified the +0 leather armour of the Hills {Str+3}
 13673 | Lair:2   | Received a gift from Nemelex Xobeh
 14117 | Lair:3   | Noticed an eight-headed hydra
 14183 | Lair:3   | Noticed a boulder beetle
 14203 | Lair:3   | Killed a boulder beetle
 14212 | Lair:3   | Noticed a boulder beetle
 14223 | Lair:3   | Killed a boulder beetle
 14315 | Lair:3   | Reached skill level 8 in Invocations
 14395 | Lair:3   | Found a staircase to the Snake Pit.
 14425 | Lair:3   | Reached skill level 5 in Poison Magic
 14444 | Lair:3   | Killed an eight-headed hydra
 14445 | Lair:3   | Reached skill level 5 in Air Magic
 14541 | Lair:3   | Received a gift from Nemelex Xobeh
 14599 | Lair:3   | Received a gift from Nemelex Xobeh
 15160 | Lair:4   | Received a gift from Nemelex Xobeh
 15193 | Lair:4   | Noticed grtsk's ghost (journeyman MfGl)
 15195 | Lair:4   | Found a transporter.
 15200 | Lair:4   | Found a transporter.
 15342 | Lair:4   | Noticed an eight-headed hydra
 15349 | Lair:4   | Reached XP level 13. HP: 68/68 MP: 23/23
 15502 | Lair:4   | Identified the +8 rapier of Destruction {spect, rN+ rCorr}
 15698 | Lair:4   | Identified the +4 ring mail of Pon Ulown {rElec rN+ Slay+6}
 15702 | Lair:4   | Acquired a book of the Sky
 15704 | Lair:4   | Acquired the +3 Elemental Staff {rElec rF+ rC+ AC+3}
 15704 | Lair:4   | Found the +3 Elemental Staff {rElec rF+ rC+ AC+3}
 16174 | Lair:4   | Reached skill level 9 in Invocations
 16377 | Lair:5   | Entered Level 5 of the Lair of Beasts
 16377 | Lair:5   | Received a gift from Nemelex Xobeh
 16468 | Lair:5   | Identified the +2 trident "Viaplo" {freeze, rN+}
 16576 | Lair:5   | Found a staircase to the Slime Pits.
 16943 | Lair:4   | Reached XP level 14. HP: 66/75 MP: 22/26
 16968 | Lair:4   | Learned a level 5 spell: Freezing Cloud
 17178 | Lair:5   | Reached skill level 1 in Ice Magic
 17365 | Lair:5   | Received a gift from Nemelex Xobeh
 17380 | Lair:5   | Acquired a +1 kite shield of protection
 17453 | Lair:5   | Reached skill level 10 in Invocations
 17856 | Lair:5   | Identified the +4 trident "Beastslayer" {speed, rF++}
 18079 | Orc:1    | Entered Level 1 of the Orcish Mines
 18121 | Orc:1    | Found a frozen archway.
 18139 | IceCv    | Entered an ice cave
 18435 | Orc:1    | Noticed Nergalle
 18437 | Orc:1    | Killed Nergalle
 18458 | Orc:1    | Reached ****** piety under Nemelex Xobeh
 18462 | Orc:1    | Reached skill level 5 in Dodging
 18472 | Orc:1    | Received a gift from Nemelex Xobeh
 18941 | Orc:2    | Entered Level 2 of the Orcish Mines
 19214 | Orc:2    | Received a gift from Nemelex Xobeh
 19330 | Orc:2    | Found a staircase to the Elven Halls.
 20543 | Orc:2    | Reached skill level 10 in Fighting
 20621 | Orc:2    | Reached XP level 15. HP: 63/80 MP: 28/28
 20641 | Orc:2    | Received a gift from Nemelex Xobeh
 20656 | Orc:2    | Found Fuutwif's Distillery.
 20656 | Orc:2    | Found Roineblo's General Store.
 20657 | Orc:2    | Found Name Tetaj's Armour Emporium.
 20657 | Orc:2    | Found Juthreop's Antique Weapon Shoppe.
 20923 | D:11     | Identified the +9 plate armour "Keg Qule" {Int+2 Dex+3}
 21362 | D:11     | Received a gift from Nemelex Xobeh
 21681 | D:6      | Killed Edmund
 21721 | D:6      | Killed Maggie
 22064 | D:12     | Received a gift from Nemelex Xobeh
 22245 | D:12     | Reached skill level 11 in Invocations
 22559 | D:13     | Found a gate leading to a gauntlet.
 22575 | Gauntlet | Entered a Gauntlet
 22575 | Gauntlet | Found a transporter.
 22575 | Gauntlet | Found a transporter.
 22575 | Gauntlet | Found a transporter.
 22591 | Gauntlet | Found a transporter.
 22596 | Gauntlet | Found a transporter.
 22619 | Gauntlet | Found a transporter.
 22619 | Gauntlet | Received a gift from Nemelex Xobeh
 22639 | Gauntlet | Found a transporter.
 22656 | Gauntlet | Found a transporter.
 22664 | Gauntlet | Found a transporter.
 22722 | Gauntlet | Found a transporter.
 22724 | Gauntlet | Found a transporter.
 22732 | Gauntlet | Found a transporter.
 22928 | Gauntlet | Identified the ring "Fevaghis" {rPois Str+4}
 23013 | Gauntlet | Identified the +4 plate armour "Mocirojy" {Slay+3 Stlth+}
 23535 | D:13     | Received a gift from Nemelex Xobeh
 23929 | D:13     | Reached skill level 5 in Ice Magic
 23960 | D:13     | Reached skill level 1 in Armour
 24059 | D:13     | Found a gate to the Vaults.
 24122 | D:14     | Received a gift from Nemelex Xobeh
 24657 | D:15     | Entered Level 15 of the Dungeon
 24711 | D:15     | Received a gift from Nemelex Xobeh
 24793 | D:15     | Found a white marble altar of Elyvilon.
 24871 | D:15     | Noticed Nessos
 24885 | D:15     | Killed Nessos
 24983 | D:15     | Received a gift from Nemelex Xobeh
 25122 | D:15     | Found a staircase to the Depths.
 25281 | D:15     | Received a gift from Nemelex Xobeh
 25623 | Snake:1  | Entered Level 1 of the Snake Pit
 25983 | Snake:1  | Reached XP level 16. HP: 70/86 MP: 26/29
 26007 | Snake:1  | Received a gift from Nemelex Xobeh
 26136 | Snake:1  | Identified the ring "Uxasalae" {Ice *Corrode Int+3}
 26175 | Snake:1  | Identified the +11 spear "Zona" {venom, Fly rCorr Dex+2}
 26632 | Snake:1  | Received a gift from Nemelex Xobeh
 27295 | Snake:2  | Received a gift from Nemelex Xobeh
 27697 | Snake:2  | Reached skill level 12 in Invocations
 27775 | Snake:2  | Received a gift from Nemelex Xobeh
 28278 | Snake:2  | Received a gift from Nemelex Xobeh
 29136 | Snake:3  | Received a gift from Nemelex Xobeh
 29229 | Snake:3  | Reached skill level 10 in Conjurations
 29543 | Snake:3  | Reached XP level 17. HP: 68/91 MP: 22/30
 29973 | Shoals:1 | Entered Level 1 of the Shoals
 30085 | Shoals:1 | Received a gift from Nemelex Xobeh
 30089 | Shoals:2 | Found a transporter.
 30089 | Shoals:2 | Found a transporter.
 30685 | Shoals:1 | You are sucked into a shaft and drop 1 floor!
 30714 | Shoals:2 | Reached skill level 5 in Armour
 30714 | Shoals:2 | Reached skill level 10 in Air Magic
 30721 | Shoals:2 | Found a broken altar of Ashenzari.
 30783 | Shoals:2 | Noticed Ironcache's ghost (adept MiBe)
 31105 | Shoals:1 | Received a gift from Nemelex Xobeh
 31857 | Shoals:2 | Identified the +9 trident "Umnihuqyni" {venom, rPois rN++
                  | Str-4 Dex-3}
 31893 | Shoals:2 | Found a bloodstained altar of Trog.
 32080 | Shoals:2 | Received a gift from Nemelex Xobeh
 32621 | Shoals:3 | Found Wihuvemm's General Store.
 32624 | Shoals:3 | Received a gift from Nemelex Xobeh
 32629 | Shoals:3 | Found Zunutzem's Gadget Gallery.
 32631 | Shoals:3 | Identified the staff of conjuration "Zacey" {rF- rC+ MP+9}
 33021 | Shoals:3 | Reached skill level 13 in Invocations
 33069 | Shoals:3 | Received a gift from Nemelex Xobeh
 33294 | Shoals:3 | Identified the +8 plate armour of Youthful Indiscretion
                  | {rElec Int+4}
 33334 | Shoals:3 | Received a gift from Nemelex Xobeh
 33588 | Snake:4  | Entered Level 4 of the Snake Pit
 33627 | Snake:4  | Found Etzicuqu's General Store.
 33829 | Snake:4  | Found a runed translucent gate.
 33829 | Snake:4  | Found a runed translucent gate.
 33829 | Snake:4  | Found a runed translucent gate.
 33830 | Snake:4  | Noticed ChiefBigBeans's ghost (adept DsFi)
 33830 | Snake:4  | Noticed wjtupper's ghost (adept MiHu)
 33830 | Snake:4  | Noticed bearlyready's ghost (adept TrHu)
 34457 | Snake:4  | Received a gift from Nemelex Xobeh
 34677 | Snake:4  | Reached XP level 18. HP: 73/98 MP: 17/31
 35222 | Snake:4  | Got a serpentine rune of Zot
 35866 | Shoals:4 | Entered Level 4 of the Shoals
 35985 | Shoals:4 | Found Menasium's Antique Armour Emporium.
 35985 | Shoals:4 | Received a gift from Nemelex Xobeh
 36561 | Shoals:4 | Received a gift from Nemelex Xobeh
 36620 | Shoals:4 | Identified the +0 scimitar of Gallantry {flame, Fly rF+
                  | Str-3 Int+3}
 37004 | Shoals:4 | Noticed Ilsuiw
 37267 | Shoals:4 | Killed Ilsuiw
 37562 | Shoals:4 | Got a barnacled rune of Zot
 38536 | Vaults:1 | Entered Level 1 of the Vaults
 38539 | Vaults:1 | Received a gift from Nemelex Xobeh
 38740 | Vaults:1 | Reached skill level 10 in Ice Magic
 38793 | Vaults:1 | Reached skill level 14 in Invocations
 38954 | Vaults:1 | Found Sifot's Antique Armour Shoppe.
 39033 | Vaults:1 | Reached XP level 19. HP: 101/104 MP: 31/33
 39222 | Vaults:1 | Received a gift from Nemelex Xobeh
 39240 | Vaults:1 | Reached skill level 10 in Spellcasting
 39701 | Vaults:1 | Reached skill level 5 in Shields
 39847 | Vaults:1 | Received a gift from Nemelex Xobeh
 40421 | Vaults:2 | Received a gift from Nemelex Xobeh
 40922 | Vaults:2 | Received a gift from Nemelex Xobeh
 40951 | Vaults:2 | Found a staircase to the Crypt.
 41035 | Vaults:2 | Noticed Bai Suzhen
 41053 | Vaults:2 | Killed Bai Suzhen
 41567 | Vaults:2 | Reached skill level 15 in Invocations
 41807 | Vaults:3 | Reached XP level 20. HP: 111/111 MP: 35/35
 41884 | Vaults:3 | Received a gift from Nemelex Xobeh
 41972 | Vaults:3 | Noticed Sojobo
 42153 | Vaults:3 | Sojobo changed into Sojobo the juggernaut
 42153 | Vaults:3 | Noticed Sojobo
 42154 | Vaults:3 | Sojobo the juggernaut changed into Sojobo the death yak
 42154 | Vaults:3 | Noticed Sojobo
 42165 | Vaults:3 | Killed Sojobo the death yak
 42355 | Vaults:3 | Received a gift from Nemelex Xobeh
 42433 | Vaults:3 | Noticed Xtahua
 42434 | Vaults:3 | Banished Xtahua
 43099 | Vaults:4 | Received a gift from Nemelex Xobeh
 43289 | Vaults:4 | Noticed Zenata
 43825 | Elf:1    | Entered Level 1 of the Elven Halls
 43910 | Elf:1    | Received a gift from Nemelex Xobeh
 43953 | Elf:1    | Reached skill level 10 in Stealth
 44067 | Elf:1    | Noticed Agnes
 44075 | Elf:1    | Killed Agnes
 44169 | Elf:1    | Found Geruriots's Weapon Shoppe.
 44311 | Elf:1    | Received a gift from Nemelex Xobeh
 44686 | Elf:2    | Received a gift from Nemelex Xobeh
 44697 | Elf:2    | Found Riwiq's Armour Shoppe.
 44757 | Elf:2    | Found Wuosacon's Book Emporium.
 44786 | Elf:2    | Bought a book of Burglary for 260 gold pieces
 44790 | Elf:2    | Learned a level 3 spell: Swiftness
 44818 | Elf:2    | Found a runed translucent gate.
 44818 | Elf:2    | Found a runed translucent gate.
 44822 | Elf:2    | Found a runed translucent gate.
 45025 | Elf:2    | Identified the +0 pair of boots of the Kettle-Drum {rC+
                  | Will+}
 45174 | Elf:3    | Entered Level 3 of the Elven Halls
 45214 | Elf:3    | Received a gift from Nemelex Xobeh
 45369 | Elf:3    | Noticed Roxanne
 45399 | Elf:3    | Learned a level 2 spell: Passwall
 45401 | Elf:3    | Learned a level 1 spell: Apportation
 45467 | Elf:3    | Found Ynymp's Armour Shoppe.
 45659 | Elf:3    | Paralysed by an air elemental for 1 turns
 45752 | Elf:3    | Reached XP level 21. HP: 101/116 MP: 26/36
 45772 | Elf:3    | Reached skill level 16 in Invocations
 45806 | Elf:3    | Reached skill level 15 in Fighting
 46135 | Elf:3    | Identified the +0 swamp dragon scales of the Hart {rPois
                  | rF+}
 46140 | Elf:3    | Identified the +10 long sword of Imbalance {pain, *Corrode
                  | rN+++}
 46149 | Elf:3    | Identified the +4 triple sword "Emiox" {freeze, Will+}
 46153 | Elf:3    | Got Agoreklu's Catalogue of Ozone
 46221 | Elf:3    | Got the Information on Conjury
 46239 | Elf:3    | Found the +7 great mace "Firestarter" {flame, immolate,
                  | rFlCloud rF++}
 46257 | Elf:3    | Identified the +0 pair of gloves of Insurance {rElec rCorr
                  | Str-3}
 46268 | Elf:3    | Identified the +0 halberd of Massacring {flame, rPois rF+
                  | Will+ SInv Stlth-}
 46301 | Elf:3    | Received a gift from Nemelex Xobeh
 46404 | Elf:3    | Learned a level 3 spell: Ozocubu's Armour
 46407 | Elf:3    | Learned a level 2 spell: Lesser Beckoning
 46448 | Elf:3    | Killed Roxanne
 46678 | Depths:1 | Entered Level 1 of the Depths
 46717 | Depths:1 | Found Gaantiduo's Jewellery Boutique.
 46717 | Depths:1 | Found Nulyamif's Book Emporium.
 46718 | Depths:1 | Found Cupas's Book Emporium.
 46726 | Depths:1 | Bought a ring of protection from fire for 500 gold pieces
 46765 | Depths:1 | Found a runed translucent door.
 46765 | Depths:1 | Noticed Lyckin's ghost (adept DjFi)
 46888 | Depths:1 | Found Piajuc's General Store.
 46893 | Depths:1 | Found Qosem's Specific Store.
 46939 | Depths:1 | Bought a scroll of silence for 190 gold pieces
 46939 | Depths:1 | Bought a scroll of blinking for 150 gold pieces
 46949 | Depths:1 | Found a glowing silver altar of Zin.
 46975 | Depths:1 | Received a gift from Nemelex Xobeh
 47333 | Depths:1 | Found a glowing golden altar of the Shining One.
 47429 | Depths:1 | Found a gateway to Hell.
 47756 | Depths:1 | Received a gift from Nemelex Xobeh
 47976 | Depths:2 | Received a gift from Nemelex Xobeh
 48033 | Depths:2 | Noticed Nikola
 48044 | Depths:2 | Killed Nikola
 48446 | Depths:2 | Found a sparkling altar of Nemelex Xobeh.
 48558 | Depths:2 | Received a gift from Nemelex Xobeh
 48768 | Depths:2 | Found a one-way gate leading to the halls of Pandemonium.
 48852 | Depths:2 | Reached XP level 22. HP: 123/123 MP: 37/37
 49039 | Depths:2 | Noticed a caustic shrike
 49052 | Depths:2 | Killed a caustic shrike
 49098 | Depths:2 | Identified the +6 shortbow of the Disbelieving Gods
                  | {antimagic, rElec rCorr Str+3}
 49160 | Depths:2 | Noticed a golden dragon
 49172 | Depths:2 | Killed a golden dragon
 49173 | Depths:2 | Reached skill level 10 in Shields
 49222 | Depths:2 | Reached skill level 10 in Dodging
 49252 | Depths:2 | Received a gift from Nemelex Xobeh
 49258 | Depths:2 | Identified the +6 sling of the Blushing Traitor {heavy,
                  | rElec rCorr Dex+3}
 49482 | Depths:4 | Entered Level 4 of the Depths
 49484 | Depths:4 | Noticed a caustic shrike
 49505 | Depths:4 | Noticed a caustic shrike
 49507 | Depths:4 | Noticed a caustic shrike
 49512 | Depths:4 | Killed a caustic shrike
 49519 | Depths:4 | Killed a caustic shrike
 49526 | Depths:4 | Killed a caustic shrike
 49699 | Depths:4 | Received a gift from Nemelex Xobeh
 50365 | Depths:4 | Reached skill level 5 in Translocations
 50387 | Depths:4 | Found a gate to the Realm of Zot.
 50443 | Depths:4 | Identified the +0 long sword of Valour {spect, rElec
                  | Stlth+}
 50468 | Depths:4 | Reached skill level 17 in Invocations
 50511 | Depths:4 | Found Patoporch's General Store.
 50555 | Depths:4 | Bought a potion of haste for 140 gold pieces
 53006 | Depths:3 | Reached XP level 23. HP: 125/128 MP: 38/38
 53244 | Depths:3 | Received a gift from Nemelex Xobeh
 53259 | Depths:3 | You fall into a shaft and drop 1 floor!
 53361 | Depths:3 | Found a one-way gateway to a ziggurat.
 53385 | Depths:3 | Found a one-way gate to the infinite horrors of the Abyss.
 53393 | Depths:3 | Found a shimmering altar of Xom.
 53394 | Depths:3 | Found a shimmering altar of Xom.
 53394 | Depths:3 | Found a shimmering altar of Xom.
 53394 | Depths:3 | Found a shimmering altar of Xom.
 53466 | Depths:3 | Received a gift from Nemelex Xobeh
 53905 | Crypt:1  | Entered Level 1 of the Crypt
 54175 | Crypt:1  | Reached skill level 1 in Transmutations
 54201 | Crypt:2  | Noticed a royal mummy
 54201 | Crypt:2  | Noticed a royal mummy
 54632 | Crypt:1  | Received a gift from Nemelex Xobeh
 55173 | Crypt:2  | Received a gift from Nemelex Xobeh
 55359 | Crypt:2  | Reached skill level 15 in Stealth
 55542 | Crypt:2  | Received a gift from Nemelex Xobeh
 55775 | Crypt:2  | Found an ancient bone altar of Kikubaaqudgha.
 55876 | Crypt:2  | Noticed Khufu
 56145 | Crypt:3  | Entered Level 3 of the Crypt
 56371 | Crypt:3  | Noticed Boris
 56612 | Vaults:3 | Identified the -1 long sword of Cyrchoenn {flame, Will+
                  | rCorr}
 56734 | Vaults:4 | Received a gift from Nemelex Xobeh
 56867 | Vaults:4 | Killed Zenata
 57183 | Vaults:4 | Received a gift from Nemelex Xobeh
 57381 | Vaults:4 | Reached skill level 1 in Earth Magic
 57618 | Vaults:4 | Reached skill level 18 in Invocations
 57749 | Vaults:4 | Reached XP level 24. HP: 128/135 MP: 37/38
 57783 | Vaults:4 | Received a gift from Nemelex Xobeh
 58493 | Lair:4   | Killed grtsk's ghost
 58917 | Snake:4  | Killed bearlyready's ghost
 58936 | Snake:4  | Killed wjtupper's ghost
 58948 | Snake:4  | Killed ChiefBigBeans's ghost
 59377 | Depths:1 | Killed Lyckin's ghost
 59378 | Depths:1 | Reached skill level 5 in Transmutations
 59823 | Vaults:5 | Entered Level 5 of the Vaults
 59823 | Vaults:5 | Received a gift from Nemelex Xobeh
 59825 | Vaults:5 | Noticed an ancient lich
 59882 | Vaults:5 | Killed an ancient lich
 60488 | Vaults:5 | Identified the ring "Jizeblon" {+Blink Fly rF+ Int-2}
 60599 | Vaults:5 | Reached skill level 5 in Earth Magic
 60922 | Vaults:5 | Noticed an ancient lich
 61004 | Vaults:5 | Killed an ancient lich
 61067 | Vaults:5 | Identified the +0 leather armour of Kotyuwae {rC++ Str+2
                  | Int+2 Stlth-}
 61156 | Vaults:5 | Got a silver rune of Zot
 61441 | Vaults:5 | Found Xesuvata's Jewellery Shop.
 61651 | Vaults:5 | Reached XP level 25. HP: 123/141 MP: 35/38
 61922 | Vaults:5 | Reached skill level 19 in Invocations
 62091 | Vaults:5 | Identified the +0 helmet of Action {rPois rN+++ Str+5
                  | Int-4}
 62111 | Vaults:5 | Received a gift from Nemelex Xobeh
 62322 | Vaults:5 | Identified the +3 ice dragon scales of the Valley {Fly
                  | rPois rF- rC++ Str-2 SInv}
 62348 | Vaults:5 | Bought the ring of Tonot {Fire rN+ Str+3 Slay+6 SInv} for
                  | 1294 gold pieces
 63388 | Crypt:1  | Killed a royal mummy
 63518 | Crypt:2  | Killed a royal mummy
 63568 | Crypt:2  | Killed Khufu
 63708 | Crypt:2  | Killed Boris
 64126 | Crypt:3  | Received a gift from Nemelex Xobeh
 64309 | Crypt:3  | Found a staircase to the Tomb.
 64891 | Crypt:3  | Identified the ring of the Fool {*Corrode rPois rN+ Str+5}
 64896 | Crypt:3  | Found an ancient bone altar of Kikubaaqudgha.
 64903 | Crypt:3  | Noticed a royal mummy
 64911 | Crypt:3  | Killed a royal mummy
 64957 | Crypt:3  | Identified the ring of Fycvun {rN+ rCorr}
 64959 | Crypt:3  | Found a basalt altar of Yredelemnul.
 64975 | Crypt:3  | Identified the staff of air "Kadaod" {rElec Str+4}
 64976 | Crypt:3  | Identified the ring of the Serpent {rPois rF+++ Will++ AC+4
                  | Dex-4}
 65699 | Depths:3 | Voluntarily entered the Abyss.
 65739 | Abyss:1  | Found a corrupted altar of Lugonu.
 65806 | Abyss:1  | Found a corrupted altar of Lugonu.
 65897 | Abyss:1  | Received a gift from Nemelex Xobeh
 65955 | Abyss:1  | Reached skill level 1 in Throwing
 65991 | Abyss:2  | Found a corrupted altar of Lugonu.
 66130 | Abyss:2  | Received a gift from Nemelex Xobeh
 66470 | Abyss:2  | Received a gift from Nemelex Xobeh
 66579 | Abyss:3  | Received a gift from Nemelex Xobeh
 66585 | Abyss:3  | Reached XP level 26. HP: 145/147 MP: 39/39
 66603 | Abyss:3  | Found a corrupted altar of Lugonu.
 66646 | Abyss:3  | Killed Xtahua
 66676 | Abyss:3  | Found a corrupted altar of Lugonu.
 66747 | Abyss:3  | Received a gift from Nemelex Xobeh
 67042 | Abyss:3  | Got an abyssal rune of Zot
 67062 | Depths:3 | Escaped the Abyss
 67093 | Hell     | Entered the Vestibule of Hell
 67093 | Hell     | Noticed Geryon
 67695 | Slime:1  | Entered Level 1 of the Pits of Slime
 67840 | Slime:1  | Received a gift from Nemelex Xobeh
 68178 | Slime:3  | Received a gift from Nemelex Xobeh
 68584 | Slime:4  | Received a gift from Nemelex Xobeh
 68993 | Slime:5  | Entered Level 5 of the Pits of Slime
 69178 | Slime:4  | Learned a level 4 spell: Iskenderun's Mystic Blast
 69183 | Slime:4  | Learned a level 4 spell: Passage of Golubria
 69187 | Slime:5  | Noticed Dissolution
 69201 | Slime:4  | Killed Dissolution
 69300 | Slime:5  | Received a gift from Nemelex Xobeh
 69465 | Slime:5  | Gained mutation: You occasionally shout uncontrollably at
                  | your foes. [a shining eye]
 69586 | Slime:5  | Reached skill level 5 in Throwing
 69634 | Slime:5  | Noticed the Royal Jelly
 69718 | Slime:5  | Killed the Royal Jelly
 69817 | Slime:5  | Identified the +1 ring mail of Mysticism {rPois}
 69841 | Slime:5  | Identified the +7 dagger of Sumoap {heavy, Will+ Int+4}
 69844 | Slime:5  | Identified the +5 whip of the Grey Skies {flame, Will+
                  | rCorr Str+3}
 69861 | Slime:5  | Received a gift from Nemelex Xobeh
 69871 | Slime:5  | Identified the +6 dagger "Hunkonwe" {venom, Dex+2}
 69897 | Slime:5  | Got a slimy rune of Zot
 69898 | Slime:5  | Identified the staff of air "Kioxurph" {rElec rC++ rN+
                  | Int-5}
 70147 | Lair:5   | Lost mutation: You occasionally shout uncontrollably at
                  | your foes. [potion of mutation]
 70147 | Lair:5   | Gained mutation: You are dopey. (Int -2) [potion of
                  | mutation]
 70147 | Lair:5   | Gained mutation: You have large cloven feet. [potion of
                  | mutation]
 70487 | Zot:1    | Entered Level 1 of the Realm of Zot
 70523 | Zot:1    | Reached skill level 20 in Invocations
 70958 | Zot:1    | Reached XP level 27. HP: 140/153 MP: 40/40
 71441 | Zot:1    | Received a gift from Nemelex Xobeh
 71797 | Zot:2    | You fall into a shaft and drop 1 floor!
 71991 | Zot:3    | Identified the +7 trident of Orohuen {heavy, Fly rC+ Int-2}
 72074 | Zot:2    | Noticed Parghit
 72077 | Zot:2    | Noticed Grunn
 72091 | Zot:3    | Killed Parghit
 72219 | Zot:3    | Reached skill level 15 in Shields
 72256 | Zot:3    | Received a gift from Nemelex Xobeh
 72298 | Zot:2    | Killed Grunn
 72453 | Zot:2    | Found a transporter.
 72493 | Zot:2    | Received a gift from Nemelex Xobeh
 72585 | Zot:2    | Found a transporter.
 72628 | Zot:2    | Found the +4 dragonskin cloak
 72628 | Zot:2    | Noticed Tiamat
 72920 | Zot:5    | Entered Level 5 of the Realm of Zot
 72920 | Zot:5    | Found a huge runed gate.
 72920 | Zot:5    | Found a huge runed gate.
 72920 | Zot:5    | Found a huge runed gate.
 72920 | Zot:5    | Found a huge runed gate.
 72920 | Zot:5    | Found a huge runed gate.
 72920 | Zot:5    | Found a huge runed gate.
 72920 | Zot:5    | Found a huge runed gate.
 73065 | Zot:5    | Found a huge runed gate.
 73066 | Zot:5    | Found a huge runed gate.
 73067 | Zot:5    | Found a huge runed gate.
 73076 | Zot:5    | Found a huge runed gate.
 73076 | Zot:5    | Found a huge runed gate.
 73076 | Zot:5    | Found a huge runed gate.
 73076 | Zot:5    | Found a huge runed gate.
 73076 | Zot:5    | Found a huge runed gate.
 73076 | Zot:5    | Found a huge runed gate.
 73105 | Zot:5    | Found a huge runed gate.
 73107 | Zot:5    | Found a huge runed gate.
 73107 | Zot:5    | Found a huge runed gate.
 73120 | Zot:5    | Found a huge runed gate.
 73120 | Zot:5    | Found a huge runed gate.
 73120 | Zot:5    | Found a huge runed gate.
 73120 | Zot:5    | Found a huge runed gate.
 73120 | Zot:5    | Found a huge runed gate.
 73120 | Zot:5    | Found a huge runed gate.
 73121 | Zot:5    | Found a huge runed gate.
 73122 | Zot:5    | Found a huge runed gate.
 73123 | Zot:5    | Found a huge runed gate.
 73135 | Zot:5    | Found a huge runed gate.
 73135 | Zot:5    | Found a huge runed gate.
 73135 | Zot:5    | Found a huge runed gate.
 73135 | Zot:5    | Found a huge runed gate.
 73135 | Zot:5    | Found a huge runed gate.
 73146 | Zot:5    | Found a huge runed gate.
 73147 | Zot:5    | Found a huge runed gate.
 73148 | Zot:5    | Found a huge runed gate.
 73166 | Zot:5    | Received a gift from Nemelex Xobeh
 73176 | Zot:5    | Noticed an orb of fire
 73488 | Zot:5    | Killed an orb of fire
 73742 | Zot:5    | Reached skill level 10 in Throwing
 73762 | Zot:5    | Noticed a dread lich
 73771 | Zot:5    | Killed a dread lich
 73776 | Zot:5    | Noticed an orb of fire
 73777 | Zot:5    | Noticed an ancient lich
 73778 | Zot:5    | Gained mutation: Your magical capacity is low. (-10% MP)
                  | [an orb of fire]
 73782 | Zot:5    | Gained mutation: You are very dopey. (Int -4) [an orb of
                  | fire]
 73793 | Zot:5    | Killed an orb of fire
 73797 | Zot:5    | Killed an ancient lich
 73881 | Zot:5    | Noticed an ancient lich
 73891 | Zot:5    | Killed an ancient lich
 74141 | Zot:5    | Noticed an orb of fire
 74150 | Zot:5    | Noticed a dread lich
 74151 | Zot:5    | Noticed a dread lich
 74158 | Zot:5    | Killed an orb of fire
 74191 | Zot:5    | Reached skill level 21 in Invocations
 74196 | Zot:5    | Killed a dread lich
 74233 | Zot:5    | Killed a dread lich
 74253 | Zot:5    | Noticed a dread lich
 74270 | Zot:5    | Killed a dread lich
 74318 | Zot:5    | Noticed a dread lich
 74321 | Zot:5    | Noticed a dread lich
 74343 | Zot:5    | Killed a dread lich
 74395 | Zot:5    | Killed a dread lich
 74725 | Zot:5    | Got the Orb of Zot
 75019 | D:14     | Gained mutation: Your body sometimes deteriorates upon
                  | taking damage. [a cacodemon]
 75266 | D:$      | Escaped with the Orb!

Illustrated notes

Levels and vault maps discovered:
D:1:      dpeg_arrival_arbitrary_a, layout_basic
D:2:      layout_loops_ring, serial_shops, shop, minmay_gold_behind_fungi
D:3:      layout_loops_cross, nicolae_ru_the_path_less_chosen,
          chequers_ecumenical_altar_simple_redux, amcnicky_mini_pool_small
D:4:      layout_cave_pods, grunt_temple_overflow_open, serial_shops,
          nicolae_shop_tiny_real_fake_doors, dk_noncrumbling_4
D:5:      layout_basic, mainiacjoe_overflow_24_doors, minmay_temple_entry_wispy,
          serial_shops, shop_statue, uniq_blork_the_orc, uniq_sigmund,
          uniq_pikel
D:6:      layout_rooms, uniq_maggie, uniq_prince_ribbit1, uniq_edmund
D:7:      layout_basic, uniq_menkaure
D:8:      layout_cave_pools, general_overflow_altar, minmay_lair_entry_grove,
          kennysheep_diamond, minmay_strange_pillars, nicolae_blasting_shop,
          chequers_serial_rivers_micro_d
D:9:      layout_basic, orc_0_dummy, introduction_to_nature_1
D:10:     layout_loops_corners, enter_bailey_5,
          nicolae_concentric_dashed_squares_mild, minmay_between, uniq_maurice
D:11:     layout_loops_ring
D:12:     layout_loops_cross, serial_rivers, chequers_serial_rivers_micro_b,
          chequers_serial_rivers_micro_c, chequers_serial_rivers_micro_d,
          chequers_serial_rivers_micro_e, chequers_serial_rivers_small_b
D:13:     layout_basic, grunt_vaults_entry_tiered, gauntlet_entry_generic
D:14:     layout_basic, serial_bayou_pond_c
D:15:     hangedman_depths_entry_civil_slaughter, layout_gridville,
          serial_glass, glass_columns_c, glass_columns_a, glass_columns_c,
          glass_columns_a, glass_columns_a, glass_columns_c, glass_columns_a,
          glass_columns_a, glass_columns_a, glass_columns_a, elyvilon_altar_1,
          uniq_nessos
Temple:   eino_temple_rhombus
Lair:1:   layout_regular_city, grunt_megastairs_5, lemuel_fruit_fields
Lair:2:   layout_regular_city, nicolae_shoals_entry_roost,
          chequers_serial_rivers_room_b, grunt_megastairs_4,
          infiniplex_staircase_pool
Lair:3:   layout_chaotic_city, dummy_snake_entry, st_stairs_10,
          chequers_serial_rivers_micro_c, nzn_sisyphean_effort,
          grunt_megastairs_1
Lair:4:   layout_long_grid, gammafunk_ghost_hive, special_room
          [special_room_bee]
Lair:5:   hangedman_lair_tendril_chambers, layout_cave_shapes,
          guppyfry_lair_end_dragon, slime_entry_1
Shoals:1: layout_shoals
Shoals:2: layout_shoals, gammafunk_ghost_wrathful_warriors,
          nicolae_shoals_lost_giant_temple, lemuel_oklob_altar
Shoals:3: layout_shoals, serial_shops, shop, nicolae_shop_gadgets
Shoals:4: shoals_end_hangedman, layout_shoals, shoal_ilsuiw, serial_shops,
          nicolae_shop_tiny_glass
Snake:1:  layout_grid_maze
Snake:2:  layout_layer_cave
Snake:3:  layout_cave_town, nicolae_snake_salamander_stairs,
          serial_bayou_shore_b, grunt_megastairs_3, nicolae_triple_integral,
          lemuel_fruit_tree
Snake:4:  grunt_snake_rune_pools, layout_onion, serial_shops,
          nicolae_square_shop, special_room, gammafunk_ghost_cemetery
Slime:1:  layout_caves
Slime:2:  layout_caves
Slime:3:  layout_caves
Slime:4:  layout_caves
Slime:5:  uniq_dissolution
Orc:1:    layout_caves, portal_ice_cave_entry_pillars_1,
          nicolae_orc_pool_cavern, uniq_nergalle
Orc:2:    st_orc_pillars, layout_caves
Elf:1:    minmay_elf_arrival_plus, layout_loops_ring, serial_shops, shop,
          minmay_elf_crystal_hexagon, st_stairs_13, nicolae_elf_m_pinch,
          uniq_agnes
Elf:2:    nicolae_elf_blades_splatter_lattice [mumra_blade_entry_dagger],
          layout_loops_ring, serial_shops, shop,
          nicolae_shop_temple_entry_statues_fountains
Elf:3:    minmay_elf_hall_hex, layout_geoelf_octagon, serial_shops, shop,
          drop_trap, abandoned_shop, uniq_roxanne
Vaults:1: nicolae_vaults_little_squares_1, v_misc_11, v_alt_pattern_2,
          nicolae_vaults_shipping_containers_7, v_misc_24, v_misc_13,
          nicolae_vaults_double_plus_2, nicolae_vaults_sesquioval_fish,
          hangedman_vaults_maws, nicolae_vaults_storage_room_statues,
          layout_vaults_omnigrid, serial_shops, nicolae_square_shop
Vaults:2: minmay_crypt_entry_simple_corners, nicolae_vaults_little_squares_5,
          v_misc_17, vaults_room_pool, vaults_room_fours,
          nicolae_vaults_hexular_roomagon, nicolae_vaults_shock_wave,
          hangedman_vaults_snaps, vaults_mumra_hex, vaults_room_ringed_pool,
          nicolae_vaults_theta, nicolae_vaults_closet_pinwheel_4,
          vaults_standard_mumra_lines, vaults_mumra_chevron,
          layout_vaults_maze_snakey, uniq_bai_suzhen
Vaults:3: nicolae_vaults_heart-shaped_vault, nicolae_vaults_tangram_2,
          nicolae_vaults_three_branches, nicolae_vaults_diagonal_hallway_6,
          nicolae_vaults_trapezoid_1, nicolae_vaults_tetromino_Z_1,
          layout_vaults_omnibox, uniq_sojobo, uniq_margery, uniq_xtahua
Vaults:4: v_misc_13, v_rooms_5, nicolae_vaults_puzzle_piece, special_room_vaults
          [special_room_orc], nicolae_vaults_trapezoid_lopsided_1,
          nicolae_vaults_closet_pinwheel_2, vaults_dpeg_ring, v_pattern_3,
          layout_vaults_chaotic_city, uniq_zenata
Vaults:5: serial_shops
Crypt:1:  layout_misc_corridors, grunt_crypt_arrival_split, grunt_megastairs_2
Crypt:2:  layout_regular_city, lemuel_mausoleum_altar_kikubaaqudgha, uniq_khufu
Crypt:3:  lightli_unholy_cathedral, layout_chaotic_city, uniq_boris
Depths:1: layout_cave_pools, grunt_hell_entry_demonic_statue,
          nicolae_tso_swordbearing_angel, gammafunk_ghost_grave,
          minmay_misc_feat_nine_boxes, minivault_22, nicolae_specific_store,
          zin_treasury, minmay_shop_grove
Depths:2: minmay_stepped, layout_basic, hell_entry,
          hangedman_abyss_or_decor_clamps, grunt_pan_entry_zigzag,
          nemelex_spade_bored_becter, minmay_staircase_windowed_small,
          uniq_nikola
Depths:3: kennysheep_funnel, layout_cave_pools, enter_ziggurat_c,
          abyss_entry_crystal, hangedman_tar_grid_catacomb,
          hangedman_abyss_or_decor_stagger, xom_redecorated
Depths:4: grunt_zot_entry_funnels, layout_basic, serial_shops,
          nicolae_shop_just_a_little_nook, hell_entry,
          chequers_serial_rivers_large_b
Hell
Zot:1:    layout_onion
Zot:2:    layout_misc_corridors, nicolae_diode_intersection, uniq_tiamat,
          uniq_parghit, uniq_grunn
Zot:3:    kennysheep_oblong_rooms, layout_twisted_circle,
          amethyst_zot_foddershock
Zot:4:    layout_misc_corridors, bh_zot_ikea_curve
Zot:5:    layout_onion, door_vault

Skill      XL: |  1  2  3  4  5  6  7  8  9 10 11 12 13 14 15 16 17 18 19 20 21 22 23 24 25 26 27 |
---------------+----------------------------------------------------------------------------------+-----
Short Blades   | 1 2 3 4 5 6 8 9 10 11 12 13 14 | 14.0
Stealth        | 3 4 5 7 8 10 12 14 15 | 15.0
Fighting       | 1 2 3 4 5 6 7 8 9 10 11 12 13 14 15 16 17 18 19 | 19.6
Invocations    | 1 2 4 5 6 7 8 9 10 11 12 13 14 15 16 17 18 19 20 21 | 21.2
Conjurations   | 2 4 5 6 7 8 9 10 11 | 11.4
Spellcasting   | 4 5 6 7 8 9 10 11 12 | 12.0
Air Magic      | 2 3 5 7 8 9 10 11 | 11.5
Poison Magic   | 2 4 5 6 |  6.0
Shields        | 1 4 6 8 9 10 11 13 14 15 | 15.0
Dodging        | 4 5 6 7 8 9 10 11 12 14 | 14.2
Ice Magic      | 4 6 7 9 10 11 12 | 12.5
Armour         | 2 4 6 7 8 |  8.0
Translocations | 3 6 8 |  8.6
Transmutations | 4 6 9 |  9.4
Earth Magic    | 2 6 |  6.0
Throwing       | 1 6 11 | 11.8
Summonings     | |  1.0

Action                     |  1- 3 |  4- 6 |  7- 9 | 10-12 | 13-15 | 16-18 | 19-21 | 22-24 | 25-27 || total
---------------------------+-------+-------+-------+-------+-------+-------+-------+-------+-------++-------
  Melee: Dagger            |    76 |   166 |   525 |   798 |   232 |       |       |       |       ||  1797
         Bite              |    21 |    47 |   187 |   304 |   404 |   293 |   573 |   943 |  1090 ||  3862
         Rapier            |       |       |       |       |   668 |   722 |  1047 |  1558 |  1685 ||  5680
  Throw: Dart              |       |       |     5 |     3 |       |       |       |       |       ||     8
         Boomerang         |       |       |       |       |       |       |       |       |    75 ||    75
         Javelin           |       |       |       |       |       |       |       |       |     5 ||     5
   Cast: Magic Dart        |    56 |    69 |    75 |    31 |    58 |    12 |     5 |     1 |     1 ||   308
         Call Imp          |     2 |     2 |       |       |       |       |       |       |       ||     4
         Mephitic Cloud    |       |       |       |    43 |    77 |    12 |    61 |    56 |       ||   249
         Blink             |       |       |       |       |     3 |       |       |       |       ||     3
         Freezing Cloud    |       |       |       |       |     1 |   100 |    26 |    26 |    11 ||   164
         Apportation       |       |       |       |       |       |       |    25 |       |     1 ||    26
         Lesser Beckoning  |       |       |       |       |       |       |       |    97 |   203 ||   300
         Ozocubu's Armour  |       |       |       |       |       |       |       |    26 |    50 ||    76
         Swiftness         |       |       |       |       |       |       |       |     1 |     1 ||     2
         Passwall          |       |       |       |       |       |       |       |       |     2 ||     2
 Invoke: Draw Destruction  |       |     2 |     5 |    19 |    17 |    47 |    14 |       |    12 ||   116
         Draw Summoning    |       |       |     2 |     6 |    10 |    10 |     4 |     9 |     4 ||    45
         Stack Five        |       |       |       |     1 |     1 |     3 |     4 |     4 |     3 ||    16
         Deal Four         |       |       |       |       |     4 |     1 |     5 |     2 |     2 ||    14
         Draw Stack        |       |       |       |       |       |    11 |     4 |     8 |     5 ||    28
         Draw Escape       |       |       |       |       |       |       |     1 |     1 |       ||     2
  Evoke: Wand              |       |       |       |     3 |     7 |     2 |       |     4 |     2 ||    18
         Box of beasts     |       |       |       |       |     1 |       |       |       |       ||     1
         Phial of floods   |       |       |       |       |       |       |       |     1 |       ||     1
    Use: Scroll            |     3 |     9 |     4 |    14 |     9 |    13 |     3 |     8 |    20 ||    83
         Potion            |       |     2 |       |     3 |     6 |     3 |     1 |     2 |     9 ||    26
   Stab: Sleeping          |     2 |     4 |     6 |    10 |    13 |    28 |    14 |    25 |     6 ||   108
         Confused          |       |       |       |    50 |    58 |     8 |    37 |    44 |       ||   197
         Distracted        |       |       |       |     1 |    13 |    17 |    21 |    50 |    67 ||   169
         Petrifying        |       |       |       |       |     1 |       |       |       |     3 ||     4
         Invisible         |       |       |       |       |       |       |       |       |     2 ||     2
         Petrified         |       |       |       |       |       |       |       |       |     1 ||     1
 Armour: Robe              |     6 |    33 |    57 |   112 |    77 |       |       |       |       ||   285
         Skin              |       |       |       |     3 |       |       |       |       |    11 ||    14
         Ice dragon scales |       |       |       |       |    12 |       |       |       |       ||    12
         Ring mail         |       |       |       |       |    54 |   262 |   181 |   386 |   384 ||  1267
  Dodge: Dodged            |    41 |    43 |   118 |   136 |   295 |   308 |   240 |   474 |   492 ||  2147
  Block: Buckler           |    13 |    32 |    46 |    76 |   197 |   114 |       |       |       ||   478
         Kite shield       |       |       |       |       |       |    33 |   327 |   628 |   712 ||  1700
